 Dungeon Crawl Stone Soup version 0.29.1-15-g9cfb28693d (webtiles) character file.

Game seed: 1109414671803775372

349 Achh the Trooper (level 6, -1/56 HPs)
             Began as a Minotaur Fighter on Mar 15, 2023.
             Succumbed to Edmund's poison
             ... on level 4 of the Dungeon.
             The game lasted 00:07:11 (2977 turns).

Achh the Trooper (Minotaur Fighter)                 Turns: 2977, Time: 00:07:12

Health: -1/56      AC: 13    Str: 23    XL:     6   Next: 33%
Magic:  5/5        EV:  5    Int:  5    God:
Gold:   147        SH: 10    Dex:  9    Spells: 5/5 levels left

rFire   . . .      SeeInvis .   a - +0 war axe
rCold   . . .      Faith    .   i - +2 kite shield
rNeg    . . .      Spirit   .   e - +0 plate armour
rPois   .          Reflect  .   (helmet restricted)
rElec   .          Harm     .   (no cloak)
rCorr   .          Rampage  .   k - +0 pair of gloves
Will    .....                   (no boots)
Stlth   ..........              x - amulet of regeneration
HPRegen 0.98/turn               (no ring)
MPRegen 0.09/turn               (no ring)

@: mighty, lethally poisoned (-1 -> -6)
A: horns 2, retaliatory headbutt
a: no special abilities


You were on level 4 of the Dungeon.
You visited 1 branch of the dungeon, and saw 4 of its levels.

You collected 147 gold pieces.

Inventory:

Hand Weapons
 a - a +0 war axe (weapon)
 w - a +2 hand axe of distortion
Missiles
 c - 3 atropa-tipped darts (quivered)
Armour
 e - a +0 plate armour (worn)
 i - a +2 kite shield (worn)
 k - a +0 pair of gloves (worn)
 r - a +0 kite shield
 t - a +2 robe of willpower
 v - a +3 leather armour of fire resistance
Jewellery
 x - an amulet of regeneration (around neck)
Scrolls
 g - 4 scrolls of identify {unknown}
 h - a scroll of butterflies {unknown}
 j - a scroll of immolation {unknown}
 l - 3 scrolls of noise {unknown}
 m - 2 scrolls of magic mapping {unknown}
 p - a scroll of silence {unknown}
Potions
 b - 2 potions of degeneration {unknown}
 f - a potion of magic {unknown}
 n - 2 potions of heal wounds {unknown}
 o - 3 potions of curing {unknown}
 q - a potion of flight {unknown}
 s - a potion of attraction {unknown}
 u - a potion of ambrosia {unknown}


   Skills:
 + Level 5.2 Fighting
 + Level 4.3 Axes
 + Level 1.9 Throwing
 + Level 5.1 Armour
 + Level 5.1 Shields


You had 5 spell levels left.
You didn't know any spells.
Your spell library contained the following spells:

 Spells                   Type           Power      Damage    Failure   Level
 Beastly Appendage        Tmut           0%         N/A       100%        1
 Wereblood                Tmut           0%         N/A       100%        2
 Ozocubu's Armour         Ice            0%         N/A       100%        3
 Spider Form              Tmut/Pois      0%         N/A       100%        3
 Summon Ice Beast         Ice/Summ       0%         N/A       100%        4
 Summon Mana Viper        Hex/Summ       0%         N/A       100%        5
 Monstrous Menagerie      Summ           0%         N/A       100%        7
 Ozocubu's Refrigeration  Ice            0%         4d7       100%        7


Dungeon Overview and Level Annotations

Branches:
Dungeon (4/15)
 Temple: D:4-7

Altars:
Elyvilon
Qazlal

Annotations:
D:4 Edmund


Innate Abilities, Weirdness & Mutations

You have a pair of horns on your head.
You reflexively headbutt those who attack you in melee.


Message History

Edmund barely misses you. You block the jackal's attack.
You hit the jackal.
The jackal is almost dead.
You hit Edmund.
You feel very sick. The jackal barely misses you.
Edmund hits you but does no damage.
The jackal bites you but does no damage.
Edmund barely misses you.
You slash the jackal!
You kill the jackal!
You barely miss Edmund.
You feel very sick.
Edmund hits you with a +2 flail of venom.
You feel sick. You block Edmund's attack.
You see here a jackal corpse.
You hit Edmund.
Edmund is lightly wounded.
You feel very sick.
Edmund hits you with a +2 flail of venom.
* * * LOW HITPOINT WARNING * * *
You are more poisoned.
Edmund hits you but does no damage.
You are lethally poisoned!
You barely miss Edmund. You headbutt Edmund.
Edmund is moderately wounded.
* * * LOW HITPOINT WARNING * * *
You feel extremely sick. You block Edmund's attack.
You feel very mighty all of a sudden.
* * * LOW HITPOINT WARNING * * *
You feel very sick. Edmund barely misses you.
You barely miss Edmund.
Edmund is moderately wounded.
* * * LOW HITPOINT WARNING * * *
You feel very sick. You block Edmund's attack.
You slash Edmund!
Edmund is heavily wounded.
You die...

##.###########
#....##.....#
####........#
###).....#
##†....#
#.$...#
#.....##
#..$...#
#@@)...#
#......#
#.....)#
).###..# ##..
...# #. ^#..#
#. #.. #. #.


You could see Edmund.

Vanquished Creatures
  Duvessa (D:4)
  Blork the orc (D:4)
  Dowan (D:4)
  An iguana (D:4)
  2 adders (D:3)
  A worm (D:2)
  3 orcs (D:3)
  10 ball pythons
  3 bats
  6 endoplasms
  7 giant cockroaches
  8 goblins
  2 hobgoblins
  5 jackals
  2 quokkas
  A frilled lizard (D:1)
  9 kobolds
  6 rats
69 creatures vanquished.

Vanquished Creatures (others)
  A kobold (D:1)
  A ball python (D:1)
  A bat (D:1)
3 creatures vanquished.

Grand Total: 72 creatures vanquished

Notes
Turn   | Place    | Note
-------+----------+-------------------------------------------
     0 | D:1      | Achh the Minotaur Fighter began the quest for the Orb.
     0 | D:1      | Reached XP level 1. HP: 19/19 MP: 0/0
   298 | D:1      | Reached XP level 2. HP: 27/27 MP: 1/1
   443 | D:1      | Found a faded altar of an unknown god.
   959 | D:2      | Reached XP level 3. HP: 23/33 MP: 2/2
  1279 | D:2      | Found a stormy altar of Qazlal.
  2142 | D:3      | Found a white marble altar of Elyvilon.
  2157 | D:3      | Reached XP level 4. HP: 24/41 MP: 3/3
  2492 | D:4      | Noticed Blork the orc
  2501 | D:4      | Killed Blork the orc
  2502 | D:4      | Reached XP level 5. HP: 38/47 MP: 4/4
  2506 | D:4      | Reached skill level 1 in Throwing
  2663 | D:4      | Noticed Duvessa
  2666 | D:4      | Noticed Dowan
  2677 | D:4      | Killed Duvessa
  2678 | D:4      | Reached skill level 5 in Fighting
  2678 | D:4      | Reached skill level 5 in Armour
  2678 | D:4      | Reached skill level 5 in Shields
  2678 | D:4      | Reached XP level 6. HP: 52/56 MP: 5/5
  2688 | D:4      | Killed Dowan
  2963 | D:4      | Noticed Edmund
  2976 | D:4      | HP: 2/56 [poisoned by Edmund]
  2977 | D:4      | Succumbed to Edmund's poison

Illustrated notes

Levels and vault maps discovered:
D:1:      giann_forest_graveyard, layout_loops_ring, basic_ecumenical_altar,
          lemuel_flame_loot_1
D:2:      layout_loops_ring, basic_altar
D:3:      layout_basic, elyvilon_altar_3
D:4:      layout_basic, mainiacjoe_overflow_alcove_1, minmay_shop_damaged,
          uniq_edmund, uniq_duvessa, uniq_blork_the_orc

Skill      XL: |  1  2  3  4  5 |
---------------+----------------+-----
Armour         | 4 5 |  5.1
Fighting       | 4 5 |  5.2
Shields        | 4 5 |  5.1
Axes           | 3 4 |  4.3
Throwing       | 1 |  1.9

Action                   |  1- 3 |  4- 6 || total
-------------------------+-------+-------++-------
Melee: War axe           |   112 |    55 ||   167
       Headbutt          |    17 |     9 ||    26
  Use: Potion            |       |     2 ||     2
Armor: Plate armour      |    57 |    38 ||    95
Dodge: Dodged            |    11 |    21 ||    32
Block: Buckler           |    12 |       ||    12
       Kite shield       |    48 |    50 ||    98
